Map: King Sejong Station LE

Players

Towelie

  • Race: Protoss Protoss
  • League: Gold
  • Spawn Location: 5:00

Fropez - Winner!

  • Race: Protoss Protoss
  • League: Gold
  • Spawn Location: 11:00

VOD

Have the link to the VOD?

Description

Time

  • Played on: Oct. 14, 2016, 6:49 p.m.
  • Length: 4:36
Show
View Real Time Build Order
Export as new Build Order

Towelie Protoss 

Build Orders:  

Get SALT Encoding   

  12  0:01  Probe (Chrono Boost)  
  13  0:11  Probe (Chrono Boost)  
  14  0:17  Pylon  
  14  0:22  Probe (Chrono Boost)  
  15  0:36  Probe (Chrono Boost), Gateway  
  16  0:42  Assimilator  
  16  0:46  Probe (Chrono Boost)  
  18  0:57  Probe (Chrono Boost)  
  18  1:07  Probe (Chrono Boost)  
  19  1:18  Probe (Chrono Boost), Assimilator  
  20  1:22  Gateway  
  20  1:28  Probe (Chrono Boost)  
  20  1:30  Cybernetics Core  
  21  1:39  Probe (Chrono Boost)  
  22  1:47  Pylon  
  22  1:49  Probe (Chrono Boost)  
  23  2:09  Adept x2  
  23  2:13  Mothership Core (Chrono Boost)  
  23  2:14  Warp Gate (Chrono Boost)  
  29  2:37  Nexus  
  29  2:44  Stalker  
  31  2:55  Pylon  
  31  3:12  Stalker  
  33  3:21  Probe (Chrono Boost)  
  34  3:32  Probe (Chrono Boost)  
  33  3:42  Probe  
  33  3:46  Robotics Facility  
  32  3:50  Probe  
  32  3:54  Probe  
  34  4:01  Probe  
  35  4:03  Pylon  
  35  4:07  Pylon  
  35  4:09  Gateway  
  35  4:10  Gateway  
  35  4:17  Twilight Council  
Show
View Real Time Build Order
Export as new Build Order

Fropez Protoss - Winner!

Build Orders: Oracle Opening 

Get SALT Encoding   

  12  0:01  Probe (Chrono Boost)  
  13  0:14  Pylon  
  13  0:18  Probe (Chrono Boost)  
  14  0:29  Probe (Chrono Boost)  
  14  0:35  Gateway  
  15  0:40  Probe (Chrono Boost)  
  16  0:45  Assimilator  
  16  0:51  Probe (Chrono Boost)  
  18  1:04  Probe (Chrono Boost), Gateway  
  18  1:15  Probe (Chrono Boost)  
  19  1:25  Probe (Chrono Boost)  
  20  1:35  Cybernetics Core  
  20  1:38  Probe (Chrono Boost)  
  21  1:43  Assimilator  
  21  1:49  Probe (Chrono Boost)  
  22  1:59  Probe (Chrono Boost)  
  23  2:13  Nexus  
  23  2:22  Pylon  
  23  2:35  Pylon  
  23  2:40  Adept x2  
  23  2:43  Stargate  
  28  2:58  Mothership Core (Chrono Boost)  
  29  3:07  Adept x2  
  33  3:13  Pylon  
  29  3:35  Adept x2  
  32  3:47  Pylon  
  32  3:49  Pylon  
  32  3:50  Pylon  
  32  3:56  Oracle (Chrono Boost)  
Tags
 
League
GoldGold
Matchup
PvP
Replay Pack
All Mines
Spawn Locations
Cross Positions
Add a new tag
Caveats
  • Supply blocks, unpowered buildings, or Contaminate may cause inaccurate times.
  • Supply counts are checked every 10 seconds.